 Dungeon Sprint DCSS version 0.15.2 (webtiles) character file.

1967 mopl the Grappler (level 9, -6/76 HPs)
             Began as a Troll Hunter on Sept 7, 2016.
             Was a Believer of Cheibriados.
             Mangled by a demonic crawler (10 damage)
             ... in the Dungeon (Sprint I: "Red Sonja").
             The game lasted 00:03:27 (730 turns).

mopl the Grappler (Troll Hunter)                     Turns: 730, Time: 00:03:27

HP  -6/76        AC  5     Str 26      XL: 9   Next:  0%
MP  11/17        EV 10     Int 11      God: Cheibriados [**....]
Gold 591         SH  0     Dex 17      Spells:  0 memorised,  8 levels left

rFire  . . .     SeeInvis .       - Unarmed
rCold  . . .     Clarity  .     l - +0 robe {rN+}
rNeg   + . .     rCorr    .     (shield restricted)
rPois  .         rRot     .     (helmet restricted)
rElec  .         Spirit   .     (no cloak)
SustAb .         Warding  .     (gloves unavailable)
rMut   .         NoTele   +     (boots unavailable)
Gourm  +                        (no amulet)
MR     .....                    (no ring)
                                (no ring)

@: very slow, not resistant to hostile enchantments, unstealthy
A: unfitting armour, claws 3, fast metabolism 3, gourmand, regeneration 2,
saprovore 2, shaggy fur 1, tough skin 2
a: Bend Time, Renounce Religion


You were in the Dungeon.
You worshipped Cheibriados.
Cheibriados was pleased with you.
You were not hungry.

You visited 1 branch You collected 642 gold pieces.
You spent 51 gold pieces at shops.

Inventory:

Hand weapons
 b - a +0 blowgun
Missiles
 c - a throwing net (quivered)
 k - 4 curare-tipped needles
Armour
 d - a +0 animal skin
 l - a +0 robe of positive energy (worn)
Magical devices
 i - a wand of slowing (0)
Comestibles
 a - 2 meat rations
Scrolls
 m - a scroll of fear {unknown}
Potions
 f - a potion of heal wounds
 g - a potion of haste
 h - 2 potions of magic


   Skills:
 - Level 1.5 Fighting
 - Level 10.3 Throwing
 - Level 1.5 Dodging
 - Level 0.4 Stealth
 - Level 14.2 Unarmed Combat
 + Level 8.3 Invocations


You had 8 spell levels left.
You didn't know any spells.

Dungeon Overview and Level Annotations

Branches:
Dungeon (1/1)

Altars:
Cheibriados
Dithmenos
Elyvilon
Fedhas
Kikubaaqudgha
Makhleb
Nemelex Xobeh
Okawaru
Qazlal
Sif Muna
Trog
Vehumet
Xom
Yredelemnul
Zin
The Shining One
Jiyva

Shops:
D (([


Innate Abilities, Weirdness & Mutations

You are too large for most types of armour.
You have claws for hands.
Your metabolism is lightning-fast.
You like to eat raw meat.
You heal very quickly.
You can eat rotten meat.
You are covered in fur (AC +1).
You have very tough skin (AC +2).


Message History

Use which ability? (? or * to list)
The flow of time bends around you.
Cheibriados rebukes the demonic crawler.
The demonic crawler seems to slow down.
You feel slightly more hungry. The demonic crawler hits you.
* * * LOW HITPOINT WARNING * * *
The demonic crawler hits you.
* * * LOW HITPOINT WARNING * * *
The demonic crawler hits you.
* * * LOW HITPOINT WARNING * * *
Really walk into that arrow trap?
Okay, then.
The demonic crawler closely misses you.
The demonic crawler hits you but does no damage.
The demonic crawler barely misses you.
There is a viscous altar of Jiyva here.
An arrow hits the demonic crawler!
There is an open door here.
The demonic crawler hits you!
You die...

##########################
#<.#..').#..'..#s_#..s)..#
#..'..#..').#.@s^.'..#...#
#..#####'#####)#__####..s(.s#
#..####..#...#.#### #####(.+
#..#_.####..##(# +##
#..#_..._##'#..+
#⌠⌠#_.∩...'..._#
####_..._##_.#'#
#_____###'#)# ###
############.####+###.##


You could see 3 demonic crawlers.

Vanquished Creatures
  A deep troll (D)
  2 kobold demonologists (D)
  A demonic crawler (D)
  Sonja (D)
  A slime creature (D)
  A yak (D)
  An ogre (D)
  Sigmund (D)
  A jelly (D)
  Ijyb (D)
  A giant eyeball (D)
12 creatures vanquished.

Vanquished Creatures (others)
  2 yellow wasps (D)
2 creatures vanquished.

Grand Total: 14 creatures vanquished

Notes
Turn   | Place    | Note
--------------------------------------------------------------
     0 | D        | mopl, the Troll Hunter, began the quest for the Orb.
     0 | D        | Reached XP level 1. HP: 19/19 MP: 1/1
     1 | D        | Noticed Ijyb
    15 | D        | Killed Ijyb
    15 | D        | Reached skill level 4 in Throwing
    15 | D        | Reached XP level 2. HP: 22/27 MP: 1/1
    29 | D        | Noticed an ogre
    33 | D        | Killed an ogre
    33 | D        | Reached skill level 5 in Throwing
    33 | D        | Reached skill level 7 in Unarmed Combat
    33 | D        | Reached XP level 3. HP: 33/33 MP: 2/2
    33 | D        | Reached XP level 4. HP: 41/41 MP: 2/2
    42 | D        | Noticed Sigmund
    51 | D        | Killed Sigmund
    51 | D        | Reached skill level 8 in Unarmed Combat
    51 | D        | Reached XP level 5. HP: 36/48 MP: 2/2
    96 | D        | Found a deep blue altar of Sif Muna.
    97 | D        | Noticed a jelly
    98 | D        | Found a radiant altar of Vehumet.
   100 | D        | Killed a jelly
   100 | D        | Reached skill level 9 in Unarmed Combat
   127 | D        | Found Jeotagi's Weapon Emporium.
   127 | D        | Found a white marble altar of Elyvilon.
   127 | D        | Found a stormy altar of Qazlal.
   127 | D        | Found a burning altar of Makhleb.
   127 | D        | Found a basalt altar of Yredelemnul.
   127 | D        | Found a glowing golden altar of the Shining One.
   127 | D        | Found a sparkling altar of Nemelex Xobeh.
   127 | D        | Found a shimmering altar of Xom.
   127 | D        | Found an ancient bone altar of Kikubaaqudgha.
   127 | D        | Found a glowing silver altar of Zin.
   127 | D        | Noticed a yak
   131 | D        | Killed a yak
   131 | D        | Reached skill level 10 in Unarmed Combat
   131 | D        | Reached XP level 6. HP: 55/55 MP: 3/3
   132 | D        | Found an iron altar of Okawaru.
   150 | D        | Found a bloodstained altar of Trog.
   160 | D        | Noticed Sonja
   170 | D        | Killed Sonja
   170 | D        | Reached skill level 12 in Unarmed Combat
   170 | D        | Reached XP level 7. HP: 27/62 MP: 3/3
   246 | D        | Found Ogoipt's Antique Weapon Boutique.
   267 | D        | Noticed a deep troll
   276 | D        | HP: 2/62 [deep troll (2)]
   279 | D        | Killed a deep troll
   279 | D        | Reached skill level 10 in Throwing
   279 | D        | Reached skill level 13 in Unarmed Combat
   279 | D        | Reached XP level 8. HP: 3/70 MP: 3/3
   380 | D        | Found Ruyshrebb's Armour Emporium.
   385 | D        | Bought a +0 robe of positive energy for 51 gold pieces
   416 | D        | Found a snail-covered altar of Cheibriados.
   416 | D        | Found a viscous altar of Jiyva.
   416 | D        | Found a shadowy altar of Dithmenos.
   416 | D        | Found a blossoming altar of Fedhas.
   416 | D        | Noticed a slime creature
   421 | D        | Killed a yellow wasp
   421 | D        | Killed a yellow wasp
   427 | D        | Killed a slime creature
   427 | D        | Reached skill level 14 in Unarmed Combat
   430 | D        | Became a worshipper of Cheibriados the Contemplative
   504 | D        | Noticed a kobold demonologist
   505 | D        | Noticed a kobold demonologist
   514 | D        | Killed a kobold demonologist
   514 | D        | Reached skill level 5 in Invocations
   517 | D        | Noticed a blue devil
   519 | D        | Killed a kobold demonologist
   595 | D        | Noticed a demonic crawler
   595 | D        | Noticed a demonic crawler
   595 | D        | Noticed a demonic crawler
   595 | D        | Noticed a demonic crawler
   601 | D        | HP: 1/70 [demonic crawler (6)]
   726 | D        | Killed a demonic crawler
   726 | D        | Reached XP level 9. HP: 10/76 MP: 14/17
   727 | D        | HP: 2/76 [demonic crawler (3)]
   730 | D        | Mangled by a demonic crawler

Action                   |  1- 3 |  4- 6 |  7- 9 || total
-------------------------+-------+-------+-------++-------
Melee: Unarmed           |    15 |    13 |    33 ||    61
 Fire: Blowgun           |       |       |     3 ||     3
Throw: Large rock        |     1 |     5 |     8 ||    14
       Throwing net      |     1 |     2 |     1 ||     4
Invok: Bend Time         |       |       |     1 ||     1
  Use: Potion            |       |     1 |     1 ||     2
       Scroll            |       |       |     1 ||     1
 Stab: Sleeping          |       |       |     1 ||     1
  Eat: Chunk             |       |     4 |       ||     4
